 Dungeon Crawl Stone Soup version 0.21.1-1-g345015f (webtiles) character file.

321 Fang the Chopper (level 6, 0/57 HPs)
             Began as a Gargoyle Berserker on Apr 23, 2018.
             Was a Priest of Trog.
             Slain by a jackal (1 damage)
             ... on level 4 of the Dungeon.
             The game lasted 00:05:12 (2382 turns).

Fang the Chopper (Gargoyle Berserker)               Turns: 2382, Time: 00:05:13

Health: 0/57       AC:  0    Str: 28    XL:     6   Next: 46%
Magic:  6/6        EV: 15    Int:  7    God:    Trog [***...]
Gold:   160        SH:  0    Dex:  9    Spells: 5/5 levels left

rFire    . . .     SeeInvis .   (weapon currently unavailable)
rCold    . . .     Gourm    .   (shield currently unavailable)
rNeg     + . .     Faith    .   (armour currently unavailable)
rPois    ∞         Spirit   .   (helmet currently unavailable)
rElec    .         Reflect  .   (cloak currently unavailable)
rCorr    .         Harm     .   (gloves currently unavailable)
MR       .....                  (boots currently unavailable)
Stlth    ..........             (no amulet)
HPRegen  0.19/turn              (ring currently unavailable)
MPRegen  0.10/turn              (ring currently unavailable)

@: berserking (expiring), pig-form (expiring), very quick
A: small, negative energy resistance 1, petrification resistance, rot immunity,
AC +4
a: Berserk, Trog's Hand, Burn Spellbooks, Renounce Religion


You were on level 4 of the Dungeon.
You worshipped Trog.
Trog was most pleased with you.
You were near starving.
You were a filthy swine.
You visited 1 branch of the dungeon, and saw 4 of its levels.

You collected 160 gold pieces.

Inventory:

Hand Weapons
 a - a +2 hand axe (melded)
Armour
 b - a +0 animal skin (melded)
 g - a +2 hat (melded)
Jewellery
 o - a +6 ring of intelligence (melded)
Scrolls
 e - a scroll of identify
 h - a scroll of magic mapping
 i - 2 scrolls of teleportation
 j - a scroll of fear {unknown}
Potions
 d - 2 potions of might
 f - 3 potions of curing
 k - 2 potions of brilliance
 n - a potion of flight
 p - a potion of heal wounds
 t - a potion of ambrosia
Comestibles
 c - 7 rations


   Skills:
 + Level 4.3 Fighting
 + Level 5.2 Axes
 + Level 2.4 Armour
 + Level 2.7 Dodging
 + Level 0.8 Stealth
 + Level 0.1 Unarmed Combat


You had 5 spell levels left.
You didn't know any spells.

Dungeon Overview and Level Annotations

Branches:
Dungeon (4/15)
 Temple: D:4-7

Altars:


Innate Abilities, Weirdness & Mutations

You are resistant to torment.
((Your stone body is resilient. (AC +4)))
You are immune to poison.
You resist negative energy. (rN+)
((You are resistant to electric shocks. (rElec)))
((You can survive without breathing.))
You are immune to petrification.
You are immune to rotting.


Message History

a club; a scale mail; a wand of polymorph (3)
You bite the hound!
The hound is almost dead.
The hound bites you.
* * * LOW HITPOINT WARNING * * *
The jackal barely misses you.
You closely miss the hound.
The hound is almost dead.
The hound bites you.
* * * LOW HITPOINT WARNING * * *
The jackal misses you. The jackal bites you.
* * * LOW HITPOINT WARNING * * *
Unknown command.
You hit the hound.
You kill the hound!
Trog accepts your kill. The jackal misses you.
Unknown command.
The jackal bites you.
You die...

..... ####......#
.. ..#......#
..###.#...[..######
......... ........
#......###....#
#..%..........#
#......##)h...#
...####.#...hh.?.#
#.....<.......###
.......##......#
..###.#..$.....#
.?............
###.#.#.#######. #
#.#.# # #.#.#


You could see 2 jackals.

Vanquished Creatures
  A hound (D:4)
  2 orc wizards (D:3)
  Jessica (D:3)
  Ijyb (D:4)
  Natasha (twice) (D:3)
  A gnoll (D:1)
  3 adders
  An ooze (D:1)
  2 worms (D:2)
  2 dart slugs
  2 leopard geckos (D:3)
  6 orcs (D:3)
  A giant cockroach (D:3)
  11 goblins
  7 hobgoblins
  9 jackals
  5 kobolds
  2 ball pythons
  7 bats
  4 frilled lizards
  12 rats
82 creatures vanquished.

Notes
Turn   | Place    | Note
-------+----------+-------------------------------------------
     0 | D:1      | Fang the Gargoyle Berserker began the quest for the Orb.
     0 | D:1      | Reached XP level 1. HP: 14/14 MP: 1/1
    89 | D:1      | Reached XP level 2. HP: 18/19 MP: 2/2
   139 | D:1      | Reached skill level 3 in Axes
   309 | D:1      | Reached XP level 3. HP: 17/24 MP: 3/3
   862 | D:2      | Reached XP level 4. HP: 25/29 MP: 4/4
   876 | D:2      | Reached ** piety under Trog
  1398 | D:2      | Reached skill level 4 in Axes
  1833 | D:3      | Reached XP level 5. HP: 33/33 MP: 5/5
  1973 | D:3      | Noticed Natasha
  1978 | D:3      | Killed Natasha
  2039 | D:3      | Noticed Jessica
  2047 | D:3      | Killed Jessica
  2068 | D:3      | Reached *** piety under Trog
  2074 | D:3      | Reached XP level 6. HP: 38/38 MP: 6/6
  2174 | D:3      | Noticed Natasha
  2187 | D:3      | Killed Natasha
  2187 | D:3      | Reached skill level 5 in Axes
  2352 | D:4      | Noticed Ijyb
  2377 | D:4      | Killed Ijyb
  2380 | D:4      | HP: 1/57 [jackal (3)]
  2382 | D:4      | Slain by a jackal

Skill      XL: |  1  2  3  4  5  6 |
---------------+-------------------+-----
Axes           | 3 4 5 |  5.2
Dodging        | 2 |  2.7
Fighting       | 4 |  4.3
Armour         | |  2.4
Stealth        | |  0.8
Unarmed Combat | |  0.1

Action                   |  1- 3 |  4- 6 || total
-------------------------+-------+-------++-------
Melee: Hand axe          |   103 |   158 ||   261
       Unarmed           |       |    21 ||    21
Invok: Berserk           |       |     3 ||     3
  Use: Scroll            |       |    16 ||    16
  Eat: Chunk             |       |     6 ||     6
Armor: Animal skin       |    39 |    46 ||    85
Dodge: Dodged            |    82 |   143 ||   225
